 Dungeon Crawl Stone Soup version 0.18-b1-22-ge198996 (webtiles) character file.

91 Zhenya25pyc the Shield-Bearer (level 4, -1/29 HPs)
             Began as a Gargoyle Fighter on May 3, 2016.
             Killed from afar by an orc wizard (9 damage)
             ... with a puff of frost
             ... on level 3 of the Dungeon.
             The game lasted 00:02:44 (1852 turns).

Zhenya25pyc the Shield-Bearer (Gargoyle Fighter)    Turns: 1852, Time: 00:02:45

Health: -1/29      AC: 11    Str: 20    XL:     4   Next: 57%
Magic:  4/4        EV:  7    Int:  9    God:
Gold:   155        SH:  9    Dex:  9    Spells: 0 memorised, 3 levels left

rFire  . . .     SeeInvis .     a - +0 flail
rCold  . . .     Gourm    .     b - +0 scale mail
rNeg   + . .     Faith    .     c - +0 shield
rPois  ∞         Spirit   .     (no helmet)
rElec  +         Dismiss  .     (no cloak)
rCorr  .         Reflect  .     p - +0 pair of gloves
SustAt .         Harm     .     (no boots)
MR     .....                    (no amulet)
Stlth  ..........               (no ring)
                                l - ring of loudness (curse)

@: not resistant to hostile enchantments, extremely unstealthy
A: negative energy resistance 1, electricity resistance, unbreathing,
petrification resistance, rot immunity, AC +3
a: no special abilities


You were on level 3 of the Dungeon.
You were very hungry.

You visited 1 branch of the dungeon, and saw 3 of its levels.

You collected 155 gold pieces.

Inventory:

Hand Weapons
 a - a +0 flail (weapon)
Armour
 b - a +0 scale mail (worn)
 c - a +0 shield (worn)
 p - a +0 pair of gloves (worn)
Jewellery
 l - a cursed ring of loudness (left hand)
Wands
 n - a wand of acid (4/15)
 r - a wand of confusion (28/48)
Scrolls
 h - 2 scrolls of identify {unknown}
 i - a scroll of blinking {unknown}
 j - a scroll of enchant weapon {unknown}
 m - a scroll of immolation {unknown}
Potions
 d - a potion of might
 e - a potion of experience {unknown}
 g - a potion of heal wounds {unknown}
 q - a potion of agility {unknown}
Comestibles
 f - 4 bread rations
 k - 2 meat rations
 o - a slice of pizza


   Skills:
 + Level 4.0 Fighting
 * Level 3.3 Maces & Flails
 + Level 3.4 Armour
 + Level 4.1 Shields


You had 3 spell levels left.
You didn't know any spells.

Dungeon Overview and Level Annotations

Branches:
Dungeon (3/15)

Altars:
Dithmenos
Ru
Trog
Zin


Innate Abilities, Weirdness & Mutations

You are resistant to torment.
Your stone body is resilient (AC +3).
You are immune to poison.
You resist negative energy.
You are resistant to electric shocks.
You can survive without breathing.
You are immune to petrification.
You are immune to rotting.


Message History

Your shield and scale mail prevent you from hitting the orc.
The orc is moderately wounded.
The orc hits you. You block something's attack. The orc hits you with a flail.
You sock the orc!
You kill the orc!
Something hits you. You block the orc's attack.
You barely miss something. Something hits you but does no damage.
The kobold hits you but does no damage. The orc hits you but does no damage.
Something hits you but does no damage.
You hit something. You block the kobold's attack. You block the orc's attack.
Something hits you but does no damage. The kobold barely misses you.
You miss something. The orc barely misses you. Something hits you.
* * * LOW HITPOINT WARNING * * *
The kobold hits you but does no damage.
You miss something. Something hits you but does no damage.
You block the kobold's attack. The orc completely misses you.
You hear some strange, mumbled words.
A puff of frost appears from out of thin air!
The puff of frost hits you!
You die...

#. #............
#...# #..#########.
#...# #..# #. #..%#
#..###### #.
#>..####.......# #.
#.........####.# #.
#.?.#(##..## #.####.
#...#.##............
#.)@o....>..........
#.{K#.###.####..###.
#...#.# #.# #. #.
........ .. .. #.
........K.. .. . .[
........#..## ..
#.##....<... ##. #.
#....#..#


You could see an orc and a kobold.

Vanquished Creatures
  4 adders (D:2)
  2 worms (D:2)
  A dart slug (D:2)
  A giant gecko (D:2)
  3 orcs (D:3)
  A ball python (D:1)
  3 giant cockroaches
  7 goblins
  3 hobgoblins (D:1)
  5 kobolds
  4 bats
  5 giant newts
  6 rats
45 creatures vanquished.

Notes
Turn   | Place    | Note
--------------------------------------------------------------
     0 | D:1      | Zhenya25pyc the Gargoyle Fighter began the quest for the Orb.
     0 | D:1      | Reached XP level 1. HP: 14/14 MP: 1/1
   270 | D:1      | Reached XP level 2. HP: 19/19 MP: 2/2
   595 | D:2      | Reached XP level 3. HP: 19/23 MP: 3/3
   927 | D:2      | Found a sacrificial altar of Ru.
   933 | D:2      | Reached XP level 4. HP: 29/29 MP: 4/4
   976 | D:2      | Found a shadowy altar of Dithmenos.
  1413 | D:2      | Found a glowing silver altar of Zin.
  1498 | D:3      | Found a faded altar to an unknown god.
  1548 | D:3      | Found a bloodstained altar of Trog.
  1852 | D:3      | Killed from afar by an orc wizard

Skill      XL: |  1  2  3  4 |
---------------+-------------+-----
Maces & Flails | 3 |  3.3
Fighting       | 4 |  4.0
Shields        | 4 |  4.1
Armour         | |  3.4

Action                   |  1- 3 |  4- 6 || total
-------------------------+-------+-------++-------
Melee: Flail             |   108 |    73 ||   181
  Eat: Chunk             |       |     2 ||     2
Armor: Scale mail        |    51 |    52 ||   103
Dodge: Dodged            |    29 |    29 ||    58
Block: Shield            |    57 |    41 ||    98
